 Dungeon Crawl Stone Soup version 0.25-a0-665-ga69d64035b (webtiles) character file.

Game seed: 11059572756947227676, levelgen mode: deterministic

16819 kae the Zephyrmancer (level 12, -8/172 HPs)
             Began as a Tengu Air Elementalist on Mar 26, 2020.
             Was an Elder of Vehumet.
             Mangled by Snorg (12 damage)
             ... on level 12 of the Dungeon.
             The game lasted 00:24:10 (17267 turns).

kae the Zephyrmancer (Tengu Air Elementalist)      Turns: 17267, Time: 00:24:11

Health: -8/172     AC: 26    Str: 10    XL:     12   Next: 41%
Magic:  3/28       EV:  2    Int: 19    God:    Vehumet [****..]
Gold:   808        SH:  0    Dex: 15    Spells: 14/33 levels left

rFire    . . .     SeeInvis .   A - staff of conjuration
rCold    . . .     Gourm    .   (no shield)
rNeg     + + +     Faith    .   (armour currently unavailable)
rPois    +         Spirit   .   (helmet currently unavailable)
rElec    .         Reflect  .   (cloak currently unavailable)
rCorr    .         Harm     .   (gloves currently unavailable)
MR       .....     NoTele   +   (boots unavailable)
Stlth    ..........             v - amulet of regeneration
HPRegen  0.78/turn              r - ring of stealth
MPRegen  0.21/turn              y - ring of poison resistance

@: berserking (expiring), tree-form, very slightly contaminated, very quick
A: able to fly
a: Stop Flying, Renounce Religion


You were on level 12 of the Dungeon.
You worshipped Vehumet.
Vehumet was greatly pleased with you.
You were not hungry.
You were a tree.
You visited 2 branches of the dungeon, and saw 13 of its levels.
You also visited: Ossuary.

You collected 808 gold pieces.

Inventory:

Hand Weapons
 f - the +6 short sword of Turmoil {vorpal, rF+}
   (You took it off an orc on level 4 of the Dungeon)

   It inflicts extra damage upon your enemies.
   It protects you from fire.
Armour
 i - the +2 hat of Dim Light (melded) {Dex+4 Slay+2}
   (You found it on level 4 of the Dungeon)

   It affects your dexterity (+4).
   It affects your accuracy and damage with ranged weapons and melee attacks
   (+2).
 w - +4 steam dragon scales (melded)
 D - a scarf of cloud immunity (melded)
 E - a +2 robe of the Archmagi
Magical Staves
 A - an uncursed staff of conjuration (weapon)
Jewellery
 j - an uncursed ring of fire
 n - an uncursed amulet of rage
 r - a ring of stealth (left branch)
 v - an amulet of regeneration (around neck)
 y - a ring of poison resistance (right branch)
 z - a +1 ring of evasion
Wands
 t - a wand of iceblast (7)
 x - a wand of polymorph (8)
 I - a wand of disintegration (17)
Scrolls
 a - a scroll of enchant weapon
 b - 3 scrolls of fog
 h - 12 scrolls of remove curse
 s - 2 scrolls of immolation
 u - 2 scrolls of magic mapping
 C - 4 scrolls of teleportation
 F - 4 scrolls of amnesia
 G - a scroll of fear
 J - 2 scrolls of identify
Potions
 d - 3 potions of haste
 e - a potion of might
 g - 2 potions of cancellation
 k - 6 potions of curing
 l - 4 potions of stabbing
 m - 3 potions of invisibility
 p - 2 potions of lignification
 q - a potion of brilliance
Comestibles
 c - 22 rations


   Skills:
 + Level 10.3 Fighting
 - Level 3.1 Staves
 + Level 2.3 Armour
 + Level 3.4 Dodging
 - Level 2.0 Stealth
 - Level 11.0 Spellcasting
 - Level 11.0 Conjurations
 - Level 11.1 Air Magic


You had 14 spell levels left.
You knew the following spells:

 Your Spells              Type           Power        Failure   Level  Hunger
a - Shock                 Conj/Air       ####         1%          1    None
b - Static Discharge      Conj/Air       ######..     1%          3    None
c - Airstrike             Air            ######....   1%          4    ##.....
d - Lightning Bolt        Conj/Air       ######....   1%          5    ####...
e - Swiftness             Chrm/Air       ####....     1%          2    None
f - Sticky Flame          Conj/Fire      #####...     1%          4    ##.....

Your spell library contained the following spells:

 Spells                   Type           Power        Failure   Level  Hunger
 Silence                  Hex/Air        ####......   19%         5    ####...
 Yara's Violent Unravell  Hex/Tmut       ##........   41%         5    ####...
 Cause Fear               Hex            ##........   54%         4    ##.....
 Deflect Missiles         Chrm/Air       ####......   71%         6    ######.
 Discord                  Hex            ##........   100%        8    #######


Dungeon Overview and Level Annotations

Branches:
Dungeon (12/15)            Temple (1/1) D:7            Lair (0/6) D:11
    Orc (0/2) D:12        Ossuary (visited)

Altars:
Ashenzari
Cheibriados
Dithmenos
Elyvilon
Fedhas
Gozag
Hepliaklqana
Kikubaaqudgha
Makhleb
Nemelex Xobeh
Okawaru
Qazlal
Ru
Sif Muna
Trog
Uskayaw
Vehumet
Wu Jian
Xom
Yredelemnul
Zin
The Shining One

Shops:
D:7 (   D:11 =

Annotations:
D:7 Dowan
D:12 Frances, Snorg


Innate Abilities, Weirdness & Mutations

((You have a beak for a mouth.))
((You have claws for feet.))
You can fly continuously.


Message History

Snorg bites you but does no damage. Snorg claws you but does no damage.
Snorg claws you.
* * * LOW HITPOINT WARNING * * *
The wight hits you but does no damage.
You completely miss Snorg.
Snorg is almost dead.
Snorg bites you but does no damage. Snorg claws you.
* * * LOW HITPOINT WARNING * * *
Snorg claws you but does no damage. The hound bites you but does no damage.
You are too berserk!
You hit Snorg!
Snorg is almost dead.
Snorg bites you.
* * * LOW HITPOINT WARNING * * *
Snorg claws you but does no damage. x2; The wight hits you but does no damage.
The wight completely misses you. The hound bites you but does no damage.
You hit Snorg.
Snorg is almost dead.
Snorg bites you!
You die...

*,,,,,,,,,,,,* ***,,,>,,,,*
*, *,,,,,,,,,,,,* ***,******
*, *****'******** *,,*** **
*,***** **,,,** *,,,.,*
***,,*
*****#'####*##########+####
*,,,,......##.............#
*,,,,.......#h............# *
*,,,,...z.zz♣T............# *
*,,,,......##z............###
*,,,,.....,*#.............'..
*,,,,....,,*#...........>.##*
**###'##****#......>....(.###
##)<)# #................
#.)### #................ #.##
#..........##.... ##'######
##.....)...##....


You could see Snorg (berserk), a hound and 4 wights.

Vanquished Creatures
  Josephine (D:10)
  A hydra (D:11)
  A two-headed ogre (D:11)
  Nergalle (D:10)
  An unseen horror (D:10)
  2 ugly things
  A deep elf mage (D:12)
  2 centaur skeletons
  A kobold demonologist (D:10)
  2 trolls
  5 hippogriffs
  5 wraiths (D:10)
  A shadow (D:11)
  Grum (D:8)
  2 hungry ghosts
  3 steam dragons
  2 vampire mosquitoes (D:12)
  A soldier ant (D:9)
  3 water moccasins
  6 orc warriors
  Duvessa (D:7)
  4 black bears
  A necrophage (D:9)
  An ice beast (D:10)
  2 sky beasts
  3 phantoms
  An eye of draining (D:8)
  5 ogres
  7 wolves
  A centaur (D:10)
  10 big kobolds (D:10)
  10 bullfrogs
  2 gnoll sergeants
  A wyvern skeleton (D:8)
  4 scorpions
  14 killer bees
  3 wights (D:12)
  4 electric eels (D:11)
  2 howler monkeys
  8 crimson imps
  3 jellies
  2 centaur zombies
  A human zombie (Ossuary)
  8 orc priests
  9 hounds
  16 orc wizards
  2 gnoll shamans
  Jessica (D:3)
  3 iguanas
  13 worker ants
  3 mummies (Ossuary)
  2 howler monkey zombies
  3 worker ant zombies
  A howler monkey skeleton (D:7)
  23 gnolls
  17 adders
  4 shadow imps
  5 oozes
  An adder skeleton (D:9)
  A worm (D:3)
  4 dart slugs
  8 leopard geckos
  48 orcs
  4 bats (D:1)
  10 giant cockroaches
  6 goblins
  7 hobgoblins
  15 jackals
  3 quokkas (D:4)
  10 frilled lizards
  A gnoll zombie (Ossuary)
  A hobgoblin zombie (Ossuary)
  5 kobolds
  3 kobold zombies (Ossuary)
  A leopard gecko skeleton (D:4)
  A leopard gecko zombie (D:8)
  2 orc zombies (Ossuary)
  6 rats
379 creatures vanquished.

Vanquished Creatures (others)
  A fungus (D:6)
1 creature vanquished.

Grand Total: 380 creatures vanquished

Notes
Turn   | Place    | Note
-------+----------+-------------------------------------------
     0 | D:1      | kae the Tengu Air Elementalist began the quest for the Orb.
     0 | D:1      | Reached XP level 1. HP: 10/10 MP: 4/4
    48 | D:1      | Reached XP level 2. HP: 8/15 MP: 0/6
   410 | D:1      | Reached XP level 3. HP: 19/19 MP: 0/7
   623 | D:1      | Reached skill level 5 in Air Magic
   823 | D:1      | Reached XP level 4. HP: 24/24 MP: 2/8
  1480 | D:2      | Gained mutation: You can fly continuously. [Tengu growth]
  1480 | D:2      | Reached XP level 5. HP: 28/28 MP: 0/10
  1999 | D:2      | Learned a level 3 spell: Static Discharge
  2004 | D:2      | Learned a level 4 spell: Airstrike
  2054 | D:3      | Found an ornate altar of the Wu Jian Council.
  2055 | D:3      | Found a glowing silver altar of Zin.
  2193 | D:3      | Noticed Jessica
  2195 | D:3      | Killed Jessica
  2195 | D:3      | Reached XP level 6. HP: 29/32 MP: 8/11
  2231 | D:3      | Reached skill level 5 in Conjurations
  3192 | D:4      | Found an iron altar of Okawaru.
  3459 | D:4      | Identified the +6 short sword of Turmoil {vorpal, rF+}
  3562 | D:4      | Got an encrusted hat
  3568 | D:4      | Identified the +2 hat of Dim Light {Dex+4 Slay+2} (You
                  | found it on level 4 of the Dungeon)
  3620 | D:4      | Reached XP level 7. HP: 36/36 MP: 6/13
  4193 | D:5      | Entered Level 5 of the Dungeon
  4297 | D:5      | Found an opulent altar of Gozag.
  4403 | D:5      | Learned a level 5 spell: Lightning Bolt
  4788 | D:5      | Reached XP level 8. HP: 19/41 MP: 4/15
  5230 | D:6      | Found a sand-covered staircase.
  5235 | Ossuary  | Entered an ossuary
  6861 | D:7      | Reached skill level 10 in Air Magic
  6861 | D:7      | Reached XP level 9. HP: 45/45 MP: 8/17
  6966 | D:7      | Reached skill level 5 in Spellcasting
  7579 | D:7      | Noticed Duvessa
  7580 | D:7      | Noticed Dowan
  7595 | D:7      | Killed Duvessa
  7800 | D:7      | Reached skill level 10 in Conjurations
  7800 | D:7      | Reached skill level 1 in Staves
  7885 | D:7      | Found a staircase to the Ecumenical Temple.
  7931 | D:7      | Found Yngabott's Antique Weapon Shop.
  7958 | Temple   | Entered the Ecumenical Temple
  8201 | Temple   | Became a worshipper of Vehumet
  8339 | D:8      | Noticed Grum
  9208 | D:8      | Learned a level 2 spell: Swiftness
  9599 | D:8      | Reached skill level 1 in Fighting
  9604 | D:8      | Reached XP level 10. HP: 52/52 MP: 5/20
  9780 | D:8      | Killed Grum
 10004 | D:8      | Reached * piety under Vehumet
 10004 | D:8      | Offered knowledge of Magic Dart by Vehumet.
 11635 | D:9      | Offered knowledge of Foxfire by Vehumet.
 11649 | D:9      | Reached ** piety under Vehumet
 11785 | D:9      | Reached skill level 5 in Fighting
 12606 | D:10     | Entered Level 10 of the Dungeon
 12773 | D:10     | Offered knowledge of Stone Arrow by Vehumet.
 12891 | D:10     | Noticed Nergalle
 13012 | D:10     | Reached XP level 11. HP: 66/66 MP: 8/24
 13015 | D:10     | Noticed Josephine
 13153 | D:10     | Killed Josephine
 13248 | D:10     | Reached *** piety under Vehumet
 13739 | D:10     | Noticed a green ugly thing
 13783 | D:10     | Killed a green ugly thing
 13978 | D:10     | Killed Nergalle
 14100 | D:10     | Killed an unseen horror
 14177 | D:10     | Offered knowledge of Mephitic Cloud by Vehumet.
 14425 | D:11     | Reached skill level 10 in Spellcasting
 14875 | D:11     | Noticed a two-headed ogre
 14883 | D:11     | Killed a two-headed ogre
 15041 | D:11     | Noticed a purple ugly thing
 15046 | D:11     | Killed a purple ugly thing
 15304 | D:11     | Found Faiz's Jewellery Shop.
 15308 | D:11     | Reached XP level 12. HP: 75/76 MP: 23/27
 15315 | D:11     | Noticed a seven-headed hydra
 15324 | D:11     | Killed a seven-headed hydra
 15324 | D:11     | Reached **** piety under Vehumet
 15800 | D:11     | Found a staircase to the Lair.
 16056 | D:12     | Reached skill level 10 in Fighting
 16058 | D:12     | Offered knowledge of Sticky Flame by Vehumet.
 16094 | D:12     | Learned a level 4 spell: Sticky Flame
 16194 | D:12     | Noticed Frances
 16347 | D:12     | Reached skill level 1 in Armour
 16915 | D:12     | Found a staircase to the Orcish Mines.
 17243 | D:12     | Noticed Snorg
 17265 | D:12     | HP: 8/172 [Snorg (4)]
 17266 | D:12     | HP: 3/172 [Snorg (5)]
 17267 | D:12     | Mangled by Snorg

Levels and vault maps discovered:
D:1:      moated_graveyard_arrival, layout_basic, minmay_tetromino_i4
D:2:      layout_rooms, kennysheep_boxes
D:3:      layout_basic, grunt_temple_overflow_open, supply_closet_lemuel,
          uniq_jessica
D:4:      layout_gridville, lemuel_doored_altar, first_ration,
          minmay_misc_feat_pillars, hangedman_decor_riveting
D:5:      layout_basic, nicolae_gozag_cash_rules_everything_around_me
D:6:      kennysheep_steamy, layout_cave_pools, serial_glass, glass_columns_b,
          glass_columns_a, glass_columns_c, glass_columns_a, glass_columns_c,
          glass_columns_c, nicolae_ossuary_entry_plus
D:7:      layout_cave_pools, minmay_temple_entry_nine_rooms, serial_shops,
          kennysheep_mini, dk_noncrumbling_4, uniq_duvessa
D:8:      layout_basic, uniq_grum
D:9:      layout_basic
D:10:     layout_basic, special_room [special_room_kobold], uniq_josephine,
          uniq_nergalle
D:11:     layout_basic, erik_lair_island, serial_shops, shop
D:12:     layout_roguey, erik_orc_4, uniq_rupert, uniq_snorg, uniq_frances
Temple:   dpeg_five_rooms_temple

Skill      XL: |  1  2  3  4  5  6  7  8  9 10 11 12 |
---------------+-------------------------------------+-----
Conjurations   | 2 3 4 6 7 9 11 | 11.0
Air Magic      | 5 6 7 8 10 11 | 11.1
Spellcasting   | 3 4 6 8 10 11 | 11.0
Staves         | 3 |  3.1
Fighting       | 1 6 9 10 | 10.3
Armour         | 2 |  2.3
Dodging        | 3 |  3.4
Stealth        | |  2.0

Action                   |  1- 3 |  4- 6 |  7- 9 | 10-12 || total
-------------------------+-------+-------+-------+-------++-------
Melee: Unarmed           |    27 |    23 |       |       ||    50
       Kick              |     4 |     6 |    11 |     4 ||    25
       Peck              |     3 |     4 |    12 |     4 ||    23
       Short sword       |       |     1 |    47 |       ||    48
       Staff             |       |       |     9 |    66 ||    75
 Cast: Shock             |    50 |   134 |   208 |   444 ||   836
       Static Discharge  |       |     4 |    37 |    71 ||   112
       Airstrike         |       |       |    22 |   101 ||   123
       Lightning Bolt    |       |       |       |     7 ||     7
 Abil: Fly               |       |       |     2 |       ||     2
       Stop Flying       |       |       |     1 |       ||     1
  Use: Scroll            |       |    13 |    15 |    10 ||    38
       Potion            |       |       |       |     6 ||     6
 Stab: Sleeping          |       |     1 |     2 |       ||     3
  Eat: Chunk             |       |    10 |    18 |    21 ||    49
       Ration            |       |       |     2 |     3 ||     5
Armor: Robe              |    11 |     6 |     9 |       ||    26
       Steam dragon scal |       |       |    26 |    76 ||   102
       Skin              |       |       |       |   159 ||   159
Dodge: Dodged            |    37 |    28 |    87 |   221 ||   373

Table legend:
 A = Non-vault XP
 B = Vault XP
 C = Vault XP percentage of total XP
 D = Non-vault monster count
 E = Vault monster count
 F = Vault count percentage of total count
                 A         B        C        D         E       F
            +---------+---------+-------+---------+---------+-------
      Total |   17246 |    6782 |  28.2 |     314 |      65 |  17.2
            +---------+---------+-------+---------+---------+-------
        D:1 |      74 |       8 |   9.8 |      29 |       4 |  12.1
        D:2 |     156 |       0 |   0.0 |      17 |       0 |   0.0
        D:3 |     123 |      37 |  23.1 |      25 |       1 |   3.8
        D:4 |     442 |       0 |   0.0 |      23 |       0 |   0.0
        D:5 |     429 |       0 |   0.0 |      16 |       0 |   0.0
        D:6 |     507 |     368 |  42.1 |      19 |       2 |   9.5
        D:7 |     894 |     138 |  13.4 |      18 |       1 |   5.3
        D:8 |    2241 |     545 |  19.6 |      39 |       4 |   9.3
        D:9 |    2299 |       0 |   0.0 |      39 |       0 |   0.0
       D:10 |    2852 |    4253 |  59.9 |      30 |      19 |  38.8
       D:11 |    4367 |     906 |  17.2 |      29 |       8 |  21.6
       D:12 |    2862 |     423 |  12.9 |      30 |      15 |  33.3
    Ossuary |       0 |     104 | 100.0 |       0 |      11 | 100.0
            +---------+---------+-------+---------+---------+-------
